 Dungeon Crawl Stone Soup version 0.22-a0-858-g985ef60 (webtiles) character file.

345 Leszczynek the Digger (level 6, -4/36 HPs)
             Began as a Deep Elf Monk on July 27, 2018.
             Was a Believer of Vehumet.
             Slain by a black bear (5 damage)
             ... on level 6 of the Dungeon.
             The game lasted 00:16:22 (2266 turns).

Leszczynek the Digger (Deep Elf Monk)               Turns: 2266, Time: 00:16:22

Health: -4/36      AC:  2    Str:  8    XL:     6   Next: 32%
Magic:  1/8        EV: 14    Int: 17    God:    Vehumet [**....]
Gold:   76         SH:  0    Dex: 17    Spells: 1/5 levels left

rFire    . . .     SeeInvis .   a - +0 short sword
rCold    . . .     Gourm    .   (no shield)
rNeg     . . .     Faith    .   o - +0 robe
rPois    .         Spirit   .   (no helmet)
rElec    .         Reflect  .   (no cloak)
rCorr    .         Harm     .   (no gloves)
MR       .....                  (no boots)
Stlth    ++........             (no amulet)
HPRegen  0.12/turn              (no ring)
MPRegen  0.11/turn              (no ring)

@: no status effects
A: no striking features
a: Renounce Religion


You were on level 6 of the Dungeon.
You worshipped Vehumet.
Vehumet was pleased with you.
You were very hungry.

You visited 2 branches of the dungeon, and saw 8 of its levels.

You collected 76 gold pieces.

Inventory:

Hand Weapons
 a - a +0 short sword (weapon)
 b - a +0 hunting sling
Missiles
 c - 130 stones (quivered)
 f - 18 sling bullets
 j - 34 arrows
 m - 22 bolts
 n - 7 curare-tipped needles
Armour
 g - a +0 large shield
 o - a +0 robe (worn)
Wands
 h - a wand of iceblast (4)
 p - a wand of paralysis (1)
Scrolls
 k - a scroll of teleportation {unknown}
 q - a scroll of noise {unknown}
 r - a scroll of fog {unknown}
 s - a scroll of immolation {unknown}
 t - a scroll of identify {unknown}
 v - a scroll of amnesia {unknown}
Potions
 e - a potion of degeneration {unknown}
 i - 2 potions of curing {unknown}
 l - 2 potions of agility {unknown}
 u - 2 potions of brilliance {unknown}
 x - a potion of berserk rage {unknown}
Comestibles
 d - 10 rations


   Skills:
 - Level 2.8 Fighting
 - Level 4.1 Short Blades
 - Level 3.6 Dodging
 - Level 2.4 Stealth
 - Level 3.7 Conjurations
 + Level 4.3 Earth Magic


You had one spell level left.
You knew the following spells:

 Your Spells              Type           Power        Failure   Level  Hunger
a - Magic Dart            Conj           ##..         5%          1    ##.....
b - Stone Arrow           Conj/Erth      ##....       14%         3    ####...

Your spell library contained the following spells:

 Spells                   Type           Power        Failure   Level  Hunger
 Passwall                 Tmut/Erth      #.......     16%         2    ###....
 Lee's Rapid Deconstruct  Erth           ##........   75%         5    ######.
 Sandblast                Erth           ##....       4%          1    ##.....
 Petrify                  Tmut/Erth      #.......     69%         4    #####..


Dungeon Overview and Level Annotations

Branches:
Dungeon (7/15)             Temple (1/1) D:5

Altars:
Cheibriados
Elyvilon
Fedhas
Gozag
Hepliaklqana
Kikubaaqudgha
Makhleb
Okawaru
Qazlal
Ru
Trog
Uskayaw
Vehumet
Wu Jian
Yredelemnul
The Shining One

Shops:
D:5 :

Annotations:
D:2 exclusion: adder


Message History

The black bear bites you. The black bear barely misses you.
The black bear claws you.
Evoke which item? (* to show all) (? for menu, Esc to quit)
Aiming: Paralyse
Press: ? - help, Shift-Dir - straight line, f/p - black bear
Aim: a black bear (almost dead, berserk, fast, unusually strong, chance to defeat MR: 46%)
The black bear resists with some effort.
The black bear closely misses you. The black bear claws you.
The black bear barely misses you. The black bear bites you!
The black bear closely misses you. The black bear claws you.
* * * LOW HITPOINT WARNING * * *
Evoke which item? (* to show all) (? for menu, Esc to quit)
Aiming: Paralyse
Press: ? - help, Shift-Dir - straight line, f/p - black bear
Aim: a black bear (almost dead, berserk, fast, unusually strong, chance to defeat MR: 46%)
The black bear resists with some effort.
The black bear bites you!
* * * LOW HITPOINT WARNING * * *
The black bear misses you. The black bear claws you.
You die...

######.....########
#.............#......
#.......##....#.....# ..
#.......##....#.....###
..#######.#.......##....#
.......
..#.......#.......####'##
...... ..#.....# #.#.#'#.# #.#
#..... ..#.....# #.#...h.####.#
#..... ..#.# ###.###.@...##.#
#h#
..#.#####....[......##.######.#
....#...[...........#......##.#
.).<#.###...........#.....h...#
.####.# '...........#......####
......#.#........###########
..#####.#....##### ...#...
#....# ...#.## #....#


You could see a black bear (berserk).

Vanquished Creatures
  A sky beast (D:6)
  A centaur (D:6)
  A jelly (D:5)
  2 orc wizards (D:6)
  A worker ant (D:6)
  A hound zombie (D:5)
  A hound skeleton (D:6)
  A shadow imp (D:6)
  An ooze (D:4)
  2 leopard geckos
  4 orcs
  2 giant cockroaches
  3 goblins
  3 hobgoblins (D:2)
  3 jackals (D:2)
  A quokka (D:6)
  A bat (D:2)
  A frilled lizard (D:1)
  2 rats
32 creatures vanquished.

Notes
Turn   | Place    | Note
-------+----------+-------------------------------------------
     0 | D:1      | Leszczynek the Deep Elf Monk began the quest for the Orb.
     0 | D:1      | Reached XP level 1. HP: 13/13 MP: 3/3
   212 | D:2      | large shield
   249 | D:1      | Reached XP level 2. HP: 12/18 MP: 4/4
   545 | D:2      | 7 curare
   633 | D:3      | +0 hunting sling
   641 | D:3      | para wand (11)
   648 | D:3      | Reached skill level 4 in Short Blades
   802 | D:4      | Reached XP level 3. HP: 22/22 MP: 5/5
   841 | D:5      | Entered Level 5 of the Dungeon
   923 | D:5      | Found Huaqe's Book Emporium.
   932 | D:5      | book shop, 200g for cantrips, Wz starting book
   932 | D:5      | 300g for Cj starting book
   932 | D:5      | 250g for Tm starting book, 550g for statue
   960 | D:5      | Found a staircase to the Ecumenical Temple.
   971 | Temple   | Entered the Ecumenical Temple
  1061 | Temple   | so there's both vehumet and kiku
  1065 | Temple   | Became a worshipper of Vehumet
  1065 | Temple   | Reached * piety under Vehumet
  1065 | Temple   | Offered knowledge of Magic Dart by Vehumet.
  1065 | Temple   | Reached ** piety under Vehumet
  1068 | Temple   | Learned a level 1 spell: Magic Dart
  1093 | D:5      | Found a blossoming altar of Fedhas.
  1292 | D:7      | Noticed a yak
  1293 | D:7      | yeah i don't think i can kill this
  1329 | D:6      | i mean i could try, but it looks like a waste of wand charges
  1383 | D:6      | Reached skill level 1 in Conjurations
  1391 | D:6      | geomancy
  1413 | D:6      | Noticed a sky beast
  1419 | D:6      | Killed a sky beast
  1419 | D:6      | Reached skill level 3 in Conjurations
  1419 | D:6      | Reached XP level 4. HP: 17/27 MP: 6/6
  1419 | D:6      | Reached XP level 5. HP: 20/32 MP: 7/7
  1431 | D:6      | Learned a level 3 spell: Stone Arrow
  1656 | D:5      | Offered knowledge of Freeze by Vehumet.
  1656 | D:5      | Reached skill level 1 in Earth Magic
  1842 | D:6      | Noticed a centaur
  1853 | D:6      | Killed a centaur
  1853 | D:6      | Reached skill level 3 in Earth Magic
  2004 | D:6      | Reached XP level 6. HP: 25/36 MP: 2/8
  2065 | D:6      | Reached skill level 4 in Earth Magic
  2266 | D:6      | HP: 1/36 [black bear (8)]
  2266 | D:6      | Slain by a black bear

Vault maps used:
D:1:      sevenhm_arrival_forest_fort_large_3, minmay_misc_feat_doors,
          serial_park_tiny_2
D:2:      cheibrodos_old_hovel
D:3:      nicolae_dithmenos_through_a_glass_darkly, led_xom_imps, first_ration
D:4:      kennysheep_dice
D:5:      kennysheep_mini_moat, minmay_temple_entry_statues_fountains,
          serial_shops, shop, supply_closet_lemuel
D:7:      marbit_many_paths
Temple:   regret_index_temple_generic_petals

Skill      XL: |  1  2  3  4  5  6 |
---------------+-------------------+-----
Short Blades   | 4 |  4.1
Conjurations   | 3 |  3.7
Earth Magic    | 3 4 |  4.3
Fighting       | |  2.8
Dodging        | |  3.6
Stealth        | |  2.4

Action                   |  1- 3 |  4- 6 || total
-------------------------+-------+-------++-------
Melee: Short sword       |    83 |    31 ||   114
 Fire: Hunting sling     |    18 |     3 ||    21
Throw: Stone             |    11 |       ||    11
 Cast: Magic Dart        |       |    13 ||    13
       Stone Arrow       |       |     8 ||     8
Evoke: Wand              |     1 |    10 ||    11
 Stab: Sleeping          |     5 |       ||     5
       Paralysed         |     1 |     3 ||     4
  Eat: Chunk             |     2 |     1 ||     3
       Ration            |       |     1 ||     1
Armor: Robe              |     5 |    11 ||    16
Dodge: Dodged            |    55 |    25 ||    80

Table legend:
 A = Spawn XP
 B = Non-spawn XP
 C = Spawn XP percentage of total XP
 D = Spawn monster count
 E = Non-spawn monster count
 F = Spawn count percentage of total count
 G = Total turns spent on level
                    A         B        C        D         E        F      G
               +---------+---------+-------+---------+---------+-------+---------
         Total |       0 |     494 |   0.0 |       0 |      32 |   0.0 |  2266
               +---------+---------+-------+---------+---------+-------+---------
           D:1 |       0 |       4 |   0.0 |       0 |       3 |   0.0 |   203
           D:2 |       0 |      21 |   0.0 |       0 |      11 |   0.0 |   357
           D:3 |       0 |       4 |   0.0 |       0 |       2 |   0.0 |   109
           D:4 |       0 |      13 |   0.0 |       0 |       3 |   0.0 |   172
           D:5 |       0 |      62 |   0.0 |       0 |       2 |   0.0 |   463
           D:6 |       0 |     387 |   0.0 |       0 |      10 |   0.0 |   802
           D:7 |       0 |       3 |   0.0 |       0 |       1 |   0.0 |    46
               +---------+---------+-------+---------+---------+-------+---------
